cohdb
Replays
Latest Replays
All Replays
Popular Replays
Top Player Replays
Match Explorer
How It Works
Community
CoH3 Stats
Reddit
Sign in to upload your games and track your stats! →
Sign in with Steam
Match 41960452
Unlisted
Match 41960452
Overview
Messages
Build Orders
End
Construct Infanterie Kompanie
MG 42 Machine Gun Team
GrW 34 Mortar Team
Grenadier Squad
MG 42 Machine Gun Team
Construct Luftwaffe Kompanie
Medical Bunker
Flak 30 Anti-aircraft Gun Team
Jäger Squad
Support Elements
Wirbelwind Flakpanzer
Medical Station
Marder III M Tank Destroyer
Jäger Squad
Jäger Squad
Construct Panzergrenadier Kompanie
Selects Breakthrough Battlegroup
Selects 2.5-tonne Cargo Truck
Selects Assault Grenadiers
2.5-tonne Cargo Truck
StuG III G Assault Gun
Nebelwerfer 42 Rocket Launcher Team
MG 42 Machine Gun Team
Pak 40 Anti-tank Gun Team
MG 42 Machine Gun Team
Selects Blitzkrieg
Selects Tiger Heavy Tank
Tiger Heavy Tank
Pioneer Squad
Selects Smoke Bombing Run
Pioneer Squad
Construct Panzer Kompanie
Sturmpanzer IV Brummbär
MG 42 Machine Gun Team
Smoke Bombing Run
Selects Incendiary Bombing Run
Incendiary Bombing Run
Blitzkrieg
Tenkes02
SvenDevil
Sir Rob
★Bab00n★ (surrender is lame)
homig
Alvarez
kerem
Jesus is my man
0
0
Comments
sign in to comment!
No comments posted yet!